Map: Vallée des cactus EC

Players

TheAwesome - Winner!

  • Race: Zerg Zerg
  • League: Grandmaster

AgCl

  • Race: Protoss Protoss
  • League: Grandmaster

VOD

Have the link to the VOD?

Description

Time

  • Played on: June 11, 2015, 6:48 p.m.
  • Length: 6:46
Show
View Real Time Build Order
Export as new Build Order

TheAwesome Zerg - Winner!

Build Orders: Hatch First 

Get SALT Encoding   

  12  0:01  Drone  
  13  0:08  Drone  
  14  0:17  Overlord  
  14  0:25  Extractor  
  14  0:26  Drone  
  15  0:36  Drone  
  15  0:37  Drone  
  17  0:57  Hatchery, Drone  
  17  1:15  Spawning Pool  
  17  1:18  Drone  
  17  1:20  Drone  
  17  1:24  Drone  
  19  1:36  Overlord  
  19  1:37  Extractor  
  18  1:45  Drone  
  19  1:51  Drone  
  20  2:03  Queen, Zergling x2  
  23  2:09  Queen  
  23  2:11  Zergling x2  
  23  2:12  Zergling x2  
  27  2:27  Zergling x4  
  28  2:38  Overlord  
  28  2:40  Metabolic Boost  
  28  3:04  Hatchery  
  27  3:07  Drone x2  
  27  3:08  Drone x2  
  27  3:10  Drone  
  30  3:29  Drone x5  
  30  3:33  Drone x2  
  35  3:40  Drone x3  
  38  3:51  Drone  
  38  3:52  Drone, Baneling Nest  
  38  3:54  Extractor  
  38  3:57  Drone x2  
  40  4:12  Spore Crawler  
  39  4:18  Spore Crawler  
  39  4:20  Spore Crawler  
  35  4:25  Queen  
  35  4:26  Drone x2  
  35  4:27  Drone  
  35  4:30  Queen  
  41  4:40  Drone x2, Spore Crawler  
  42  4:46  Drone x2  
  42  4:48  Overlord x3  
  44  4:59  Spine Crawler  
  43  5:00  Drone  
  43  5:01  Drone, Spine Crawler  
  43  5:02  Spore Crawler  
  43  5:11  Drone x6  
  43  5:12  Drone  
  50  5:15  Extractor  
  50  5:17  Extractor  
  50  5:20  Overlord  
  48  5:23  Lair  
  48  5:25  Drone x2  
  50  5:47  Drone  
  51  5:51  Zergling x12  
  51  5:52  Zergling x6  
  60  6:00  Zergling x2  
  61  6:06  Hatchery, Drone  
  61  6:11  Evolution Chamber  
  61  6:12  Evolution Chamber  
Show
View Real Time Build Order
Export as new Build Order

AgCl Protoss 

Build Orders: Oracle Opening 

Get SALT Encoding   

  12  0:02  Probe  
  13  0:14  Probe  
  14  0:28  Pylon  
  14  0:37  Assimilator  
  14  0:46  Probe  
  15  0:53  Gateway  
  15  0:58  Probe  
  16  1:10  Probe (Chrono Boost)  
  17  1:13  Pylon  
  17  1:22  Probe (Chrono Boost)  
  18  1:31  Probe (Chrono Boost)  
  19  1:39  Probe  
  20  1:40  Zealot (Chrono Boost)  
  20  1:42  Cybernetics Core  
  22  1:49  Assimilator  
  22  1:51  Probe  
  23  2:03  Probe (Chrono Boost)  
  25  2:15  Probe (Chrono Boost)  
  25  2:21  Stargate  
  25  2:22  Adept (Chrono Boost)  
  27  2:23  Warp Gate (Chrono Boost)  
  27  2:24  Probe (Chrono Boost)  
  28  2:33  Probe  
  26  2:45  Probe  
  26  2:50  Adept (Chrono Boost)  
  29  3:03  Gateway  
  29  3:08  Pylon  
  29  3:17  Forge  
  29  3:22  Pylon  
  29  3:26  Oracle (Chrono Boost)  
  32  3:29  Mothership Core  
  34  3:35  Zealot  
  36  3:42  Gateway  
  36  3:50  Probe  
  36  3:51  Photon Cannon  
  37  4:00  Void Ray  
  37  4:02  Probe  
  42  4:48  Protoss Air Weapons Level 1  
  42  4:49  Void Ray (Chrono Boost)  
  46  4:54  Gateway  
  46  4:57  Pylon  
  46  4:58  Gateway  
  46  5:05  Pylon  
  46  5:15  Probe  
  46  5:18  Gateway  
  46  5:21  Gateway  
  47  5:27  Oracle (Chrono Boost)  
  50  5:40  Probe  
  50  5:42  Pylon  
  51  5:56  Nexus  
  51  6:00  Oracle (Chrono Boost)  
  54  6:06  Adept  
  54  6:11  Adept  
  48  6:26  Adept  
  48  6:27  Adept  
Tags
 
Add a new tag
Caveats
  • Supply blocks, unpowered buildings, or Contaminate may cause inaccurate times.
  • Supply counts are checked every 10 seconds.